 Dungeon Crawl Stone Soup version 0.21-a0-528-gf531e82 (webtiles) character file.

6403 Dawnplanks the Cleaver (level 10, -1/90 HPs)
             Began as a Minotaur Fighter on Dec 8, 2017.
             Was a Priest of Makhleb.
             Killed from afar by Psyche (5 damage)
             ... with a puff of flame
             ... on level 9 of the Dungeon.
             The game lasted 00:27:32 (7117 turns).

Dawnplanks the Cleaver (Minotaur Fighter)           Turns: 7117, Time: 00:27:33

Health: -1/90      AC: 18    Str: 24    XL:     10   Next: 66%
Magic:  13/13      EV:  5    Int:  5    God:    Makhleb [***...]
Gold:   527        SH:  0    Dex: 10    Spells: 9/9 levels left

rFire    + . .     SeeInvis .   y - +1 hand axe (freeze)
rCold    + + .     Gourm    .   (no shield)
rNeg     . . .     Faith    .   e - +0 gold dragon scales
rPois    +         Spirit   .   (helmet restricted)
rElec    .         Reflect  .   (no cloak)
rCorr    .         Harm     .   (no gloves)
MR       .....                  (no boots)
Stlth    ..........             c - amulet of regeneration
HPRegen  0.65/turn              j - ring of protection from fire
MPRegen  0.13/turn              t - ring of ice

@: lethally poisoned (-1 -> -1), very slightly contaminated
A: retaliatory headbutt, horns 2
a: Minor Destruction, Lesser Servant of Makhleb, Renounce Religion


You were on level 9 of the Dungeon.
You worshipped Makhleb.
Makhleb was most pleased with you.
You were not hungry.

You visited 2 branches of the dungeon, and saw 11 of its levels.
You also visited: Sewer.

You collected 527 gold pieces.

Inventory:

Hand Weapons
 y - a +1 hand axe of freezing (weapon)
Armour
 e - +0 gold dragon scales (worn)
Jewellery
 c - an amulet of regeneration (around neck)
 j - a ring of protection from fire (left hand)
 t - a ring of ice (right hand)
Wands
 z - a wand of polymorph (8)
 A - a wand of flame (24)
 D - a wand of disintegration (14)
 E - a wand of digging (18)
Scrolls
 a - a scroll of silence
 g - 6 scrolls of remove curse {unknown}
 h - a scroll of identify
 l - 3 scrolls of fear {unknown}
 m - 2 scrolls of noise {unknown}
 p - a scroll of magic mapping {unknown}
 v - 2 scrolls of fog {unknown}
 w - 5 scrolls of teleportation {unknown}
 C - a scroll of enchant armour
Potions
 b - 3 potions of heal wounds
 k - a potion of cancellation
 n - 2 potions of ambrosia
 o - 8 potions of curing
 s - 2 potions of agility
 u - 2 potions of might
 x - 3 potions of flight
Comestibles
 f - 8 bread rations
 i - 5 fruits
 q - 8 royal jellies
 r - 5 meat rations
 B - 4 chunks of flesh


   Skills:
 + Level 8.9 Fighting
 + Level 12.0 Axes
   Level 0.8(7.8) Maces & Flails
 + Level 11.1 Armour
   Level 3.6 Shields
 * Level 5.9 Invocations


You had 9 spell levels left.
You didn't know any spells.

Dungeon Overview and Level Annotations

Branches:
Dungeon (10/15)            Temple (1/1) D:6
   Lair: D:8-11         Orc: D:9-12

Altars:
Cheibriados
Elyvilon
Fedhas
Gozag
Hepliaklqana
Makhleb
Okawaru
Qazlal
Ru
Trog
Uskayaw
Vehumet
Wu Jian
Xom
Zin
The Shining One

Annotations:
D:9 Psyche, Snorg


Innate Abilities, Weirdness & Mutations

You reflexively headbutt those who attack you in melee.
You have a pair of horns on your head.


Message History

The centaur wields a shortbow.
The centaur shoots an arrow.
The arrow hits you but does no damage. Snorg bites you but does no damage.
Snorg claws you but does no damage. x2; Psyche hits you but does no damage.
You climb upwards.
You feel sick.
There is a stone staircase leading down here.
Press: ? - help, Shift-Dir - straight line, f - crocodile
Aim: a crocodile
Okay, then.
Blink to where?
Press: ? - help, Dir - move target cursor You are very lightly contaminated with residual magic.
As you read the scroll of blinking, it crumbles to dust.
Psyche casts a spell.
Psyche flickers and vanishes!
Deactivating autopickup; reactivate with Ctrl-A.
You feel sick.
Snorg rages.
A puff of flame appears from out of thin air!
The puff of flame hits you! You resist.
You die...

.....########
##.#......##....
####........#
###........######
#.[...)..# #..........#
#........# ##.........##
#........# #.......##.#
####........####..(..{.##.#
......................>##.#
###....##########..tT.....#
###....#........@..).######
#..........#..###....#
#.##.#.##..#..# #....#
#)##.#.....#..# ######
#.##.#.....#..#
))##.#........##
####.#####.....#
#.....#.#.#.# #####.#.#.#.#


You could see Snorg (berserk) and a crocodile.

Vanquished Creatures
  The ghost of Vlans the Destroyer, a novice DECj of Sif Muna (D:8)
  The ghost of Dawnplanks the Shield-Bearer, an amateur MiFi (D:3)
  A troll (D:9)
  Grinder (D:6)
  A hippogriff (D:9)
  6 yaks
  3 hogs (D:7)
  A human (D:7)
  A water moccasin (D:9)
  Duvessa (D:6)
  An orc warrior (D:6)
  2 phantoms
  A black bear (D:6)
  3 sky beasts
  2 ogres
  A centaur (D:5)
  2 big kobolds
  4 bullfrogs (D:7)
  A wyvern zombie (D:9)
  Dowan (D:6)
  3 scorpions
  A water moccasin skeleton (D:7)
  5 killer bees (D:8)
  11 wights
  A howler monkey (D:4)
  6 crimson imps
  A quasit (D:6)
  A gnoll shaman (D:4)
  A jelly (D:6)
  4 orc priests
  A centaur skeleton (D:5)
  3 bullfrog skeletons
  4 iguanas
  4 orc wizards
  6 worker ants
  2 hound zombies
  A mummy (D:5)
  A worker ant zombie (D:6)
  11 gnolls
  8 adders
  3 shadow imps
  An ooze (D:2)
  2 adder skeletons
  4 worms
  2 dart slugs
  3 leopard geckos
  11 orcs
  11 bats
  5 giant cockroaches
  7 hobgoblins
  4 jackals (Sewer)
  12 kobolds
  5 quokkas
  4 ball pythons
  6 frilled lizards
  4 goblins
  2 goblin zombies (D:5)
  2 leopard gecko skeletons (D:4)
  A quokka skeleton (D:9)
  5 rats
204 creatures vanquished.

Vanquished Creatures (others)
  An adder (D:8)
  A worm (D:2)
2 creatures vanquished.

Grand Total: 206 creatures vanquished

Notes
Turn   | Place    | Note
-------+----------+-------------------------------------------
     0 | D:1      | Dawnplanks the Minotaur Fighter began the quest for the Orb.
     0 | D:1      | Reached XP level 1. HP: 19/19 MP: 0/0
   221 | D:1      | Reached XP level 2. HP: 27/27 MP: 1/1
   783 | D:2      | Reached skill level 3 in Axes
   785 | D:2      | Reached XP level 3. HP: 33/33 MP: 2/2
  1062 | D:2      | Found a radiant altar of Vehumet.
  1124 | D:2      | Found a glowing silver altar of Zin.
  1480 | D:3      | Noticed Dawnplanks's ghost (amateur MiFi)
  1489 | D:3      | Killed Dawnplanks's ghost
  1489 | D:3      | Reached skill level 5 in Fighting
  1489 | D:3      | Reached skill level 5 in Axes
  1489 | D:3      | Reached skill level 5 in Armour
  1489 | D:3      | Reached XP level 4. HP: 27/42 MP: 3/3
  1489 | D:3      | Reached XP level 5. HP: 31/48 MP: 4/4
  1533 | D:3      | Found an iron altar of Okawaru.
  1551 | D:3      | Reached XP level 6. HP: 51/56 MP: 5/5
  2047 | D:4      | Reached skill level 6 in Axes
  2147 | D:4      | Found an opulent altar of Gozag.
  2209 | D:4      | Found a burning altar of Makhleb.
  2225 | D:4      | Reached XP level 7. HP: 60/61 MP: 6/6
  2298 | D:4      | Reached skill level 7 in Axes
  2327 | D:4      | Found a snail-covered altar of Cheibriados.
  2356 | D:4      | Found an ornate altar of the Wu Jian Council.
  2546 | D:4      | Found a sacrificial altar of Ru.
  2552 | D:4      | Became a worshipper of Makhleb the Destroyer
  2804 | D:5      | Entered Level 5 of the Dungeon
  2814 | D:5      | Reached skill level 8 in Axes
  2869 | D:5      | Found a snail-covered altar of Cheibriados.
  2882 | D:5      | Found a glowing drain.
  2895 | Sewer    | Entered a sewer
  3486 | D:5      | Reached XP level 8. HP: 65/70 MP: 7/7
  3502 | D:5      | Found a white marble altar of Elyvilon.
  3631 | D:5      | Reached * piety under Makhleb
  3828 | D:6      | Reached skill level 1 in Invocations
  3871 | D:6      | Found a hide-covered altar of Uskayaw.
  3871 | D:6      | Found an iron altar of Okawaru.
  3871 | D:6      | Found a glowing golden altar of the Shining One.
  3943 | D:6      | Found a staircase to the Ecumenical Temple.
  4104 | D:6      | Noticed Duvessa
  4107 | D:6      | Noticed Dowan
  4117 | D:6      | Killed Duvessa
  4117 | D:6      | Reached skill level 9 in Axes
  4125 | D:6      | Killed Dowan
  4140 | D:6      | Found a shimmering altar of Xom.
  4157 | Temple   | Entered the Ecumenical Temple
  4197 | D:6      | Found a shimmering altar of Xom.
  4243 | D:6      | Found a shimmering altar of Xom.
  4261 | D:6      | Found a shimmering altar of Xom.
  4263 | D:6      | Found a shimmering altar of Xom.
  4265 | D:6      | Found a shimmering altar of Xom.
  4267 | D:6      | Found a shimmering altar of Xom.
  4328 | D:6      | Noticed Grinder
  4337 | D:6      | Killed Grinder
  4337 | D:6      | Reached XP level 9. HP: 79/79 MP: 10/10
  5037 | D:7      | Reached skill level 10 in Axes
  5078 | D:7      | Reached ** piety under Makhleb
  5481 | D:7      | Reached skill level 11 in Axes
  5710 | D:8      | Reached XP level 10. HP: 84/88 MP: 12/12
  5768 | D:8      | Noticed Vlans's ghost (novice DECj)
  5792 | D:8      | Killed Vlans's ghost
  5792 | D:8      | Reached skill level 10 in Armour
  5792 | D:8      | Reached skill level 5 in Invocations
  6022 | D:8      | Found a stormy altar of Qazlal.
  6298 | D:8      | Found a radiant altar of Vehumet.
  6497 | D:9      | Found a hazy altar of Hepliaklqana.
  6853 | D:9      | Reached *** piety under Makhleb
  6983 | D:9      | Reached skill level 12 in Axes
  7093 | D:10     | Entered Level 10 of the Dungeon
  7093 | D:10     | Noticed Snorg
  7098 | D:10     | Noticed Psyche
  7114 | D:10     | HP: 4/90 [Snorg (1)]
  7117 | D:9      | Killed from afar by Psyche

Vault maps used:
D:1:      lightli_arrival_lavapool
D:2:      lemuel_upstairs_altar, fiery_altar_vehumet, lemuel_doored_altar,
          small_statue_intersection, serial_bayou_crossing
D:3:      first_bread, okawaru_ov_weapons_minmay
D:4:      cheibriados_altar_1, grunt_temple_overflow_open,
          nicolae_overflow_hidden_temple, overflow_temple_1_default,
          grunt_ministairs_3, minmay_checkerbox
D:5:      marbit_many_paths, cheibrodos_sewer_entry_bend,
          nicolae_ossuary_entry_giza, basic_altar, lemuel_another_geyser
D:6:      gammafunk_temple_overflow_forgotten, nicolae_xom_altar_mimics,
          minmay_temple_entry_trees, serial_glass, glass_columns_a,
          glass_columns_a, glass_columns_b, glass_columns_a, uniq_duvessa,
          uniq_grinder
D:7:      hangedman_glass_teeth, grunt_livestock
D:8:      basic_altar, grunt_qazlal_clouds
D:9:      old_standard_altar
D:10:     erik_lair_orcish_takeover, uniq_fannar, uniq_psyche, uniq_snorg
Temple:   dpeg_three_leaves_temple
Sewer:    sewer_fruit_machine

Skill      XL: |  1  2  3  4  5  6  7  8  9 10 |
---------------+-------------------------------+-----
Fighting       | 4 5 6 7 8 |  8.9
Armour         | 4 5 6 8 9 11 | 11.1
Axes           | 3 5 6 8 9 11 12 | 12.0
Invocations    | 3 4 5 |  5.9
Maces & Flails | |  0.8
Shields        | |  3.6

Action                   |  1- 3 |  4- 6 |  7- 9 | 10-12 || total
-------------------------+-------+-------+-------+-------++-------
Melee: War axe           |    80 |   113 |   109 |       ||   302
       Headbutt          |    11 |    21 |    78 |    37 ||   147
       Hand axe          |       |       |   278 |   192 ||   470
       Mace              |       |       |    39 |       ||    39
Invok: Lesser Servant of |       |       |       |     1 ||     1
  Use: Potion            |     1 |       |     2 |       ||     3
       Scroll            |       |     1 |     3 |     6 ||    10
  Eat: Chunk             |     2 |     2 |    11 |     5 ||    20
       Fruit             |       |       |     1 |       ||     1
Armor: Scale mail        |     4 |       |       |       ||     4
       Gold dragon scale |    87 |   100 |   406 |   120 ||   713
Dodge: Dodged            |    12 |    12 |    94 |    26 ||   144

Table legend:
 A = Spawn XP
 B = Non-spawn XP
 C = Spawn XP percentage of total XP
 D = Spawn monster count
 E = Non-spawn monster count
 F = Spawn count percentage of total count
 G = Total turns spent on level
                    A         B        C        D         E        F      G
               +---------+---------+-------+---------+---------+-------+---------
         Total |       0 |    9148 |   0.0 |       0 |     204 |   0.0 |  7117
               +---------+---------+-------+---------+---------+-------+---------
           D:1 |       0 |      25 |   0.0 |       0 |      14 |   0.0 |   678
           D:2 |       0 |      34 |   0.0 |       0 |      15 |   0.0 |   481
           D:3 |       0 |     413 |   0.0 |       0 |      18 |   0.0 |   880
           D:4 |       0 |     747 |   0.0 |       0 |      25 |   0.0 |   784
           D:5 |       0 |     414 |   0.0 |       0 |      14 |   0.0 |   726
           D:6 |       0 |    1310 |   0.0 |       0 |      26 |   0.0 |  1028
           D:7 |       0 |    2240 |   0.0 |       0 |      31 |   0.0 |   714
           D:8 |       0 |    1406 |   0.0 |       0 |      15 |   0.0 |   687
           D:9 |       0 |    2489 |   0.0 |       0 |      26 |   0.0 |   719
          D:10 |       0 |      39 |   0.0 |       0 |       2 |   0.0 |    22
         Sewer |       0 |      31 |   0.0 |       0 |      18 |   0.0 |   396
               +---------+---------+-------+---------+---------+-------+---------
